 Dungeon Sprint DCSS version 0.20.1-1-g8b1a95d (console) character file.

292 bli the Blocker (level 6, -2/57 HPs)
             Began as a Formicid Fighter on Aug 8, 2017.
             Slain by a deep troll (8 damage)
             ... in the Dungeon (Sprint I: "Red Sonja").
             The game lasted 00:02:48 (304 turns).

bli the Blocker (Formicid Fighter)                   Turns: 304, Time: 00:02:50

Health: -2/57      AC:  7    Str: 23    XL:     6   Next: 59%
Magic:  6/6        EV: 10    Int:  7    God:
Gold:   304        SH: 12    Dex: 10    Spells: 5/5 levels left

rFire    . . .     SeeInvis +   b - +0 scythe
rCold    . . .     Gourm    .   c - +0 shield
rNeg     . . .     Faith    .   m - +0 scale mail
rPois    .         Spirit   .   (helmet unavailable)
rElec    .         Reflect  .   (no cloak)
rCorr    .         Harm     .   (no gloves)
MR       .....                  (no boots)
Stlth    ..........             (no amulet)
Regen    0.2/turn               (no ring)
MPRegen  0.1/turn               (no ring)

@: lethally poisoned (-2 -> -70)
A: permanent stasis, dig shafts and tunnels, four strong arms, antennae 3
a: Dig


You were in the Dungeon.
You were not hungry.

You visited 1 branch You collected 304 gold pieces.

Inventory:

Hand Weapons
 a - a +0 trident
 b - a +0 scythe (weapon)
Armour
 c - a +0 shield (worn)
 m - a +0 scale mail (worn)
Scrolls
 k - a scroll of blinking
Potions
 d - a potion of might
 h - a potion of haste
 i - 2 potions of magic
 j - a potion of berserk rage
Comestibles
 f - a bread ration
 l - a chunk of flesh
 n - a royal jelly


   Skills:
 * Level 8.9 Fighting
 + Level 5.3 Polearms
 * Level 6.3 Armour
 + Level 0.6 Dodging
 + Level 9.7 Shields


You had 5 spell levels left.
You didn't know any spells.

Dungeon Overview and Level Annotations

Branches:
Dungeon (1/1)

Altars:
Sif Muna
Vehumet

Annotations:
D Sonja


Innate Abilities, Weirdness & Mutations

You cannot be hasted, slowed, berserked, paralysed or teleported.
You can dig through walls and to a lower floor.
Your four strong arms can wield two-handed weapons with a shield.
You have a pair of large antennae on your head. (SInv)


Message History

There is a radiant altar of Vehumet here.
You feel much better.
You feel very sick.
You block Sonja's attack. x2; Sonja hits you but does no damage.
You are more poisoned.
The deep troll bites you.
* * * LOW HITPOINT WARNING * * *
The deep troll claws you.
* * * LOW HITPOINT WARNING * * *
The deep troll closely misses you.
You miss Sonja.
* * * LOW HITPOINT WARNING * * *
You feel extremely sick. Sonja hits you but does no damage.
You are more poisoned.
Sonja hits you but does no damage.
You are more poisoned.
You block Sonja's attack.
Sonja hits you but does no damage. x2; Sonja closely misses you.
You block the deep troll's attack. The deep troll claws you!
You die...

################
#<.#..)..#..'..#
#..)..#..'[.#..+
{
#..#####'#####'#
#..# #..#...#[#
#..# ####..##.#
{ #..# ##'#..+
#⌠⌠# {+..._# {
#### #@K#'#
##T#.#
##(####+###
+$(('T$.$$+
#$.$#######
##.## { #+# {{ {
{ { {


{{{{ {{{ You could see a deep troll and Sonja.

Vanquished Creatures
  Sigmund (D)
  An ogre (D)
  A jelly (D)
  Ijyb (D)
4 creatures vanquished.

Notes
Turn   | Place    | Note
-------+----------+-------------------------------------------
     0 | D        | bli the Formicid Fighter began the quest for the Orb.
     0 | D        | Reached XP level 1. HP: 18/18 MP: 1/1
     1 | D        | Noticed Ijyb
    16 | D        | Killed Ijyb
    16 | D        | Reached skill level 5 in Fighting
    16 | D        | Reached skill level 5 in Shields
    16 | D        | Reached XP level 2. HP: 27/27 MP: 2/2
    16 | D        | Reached XP level 3. HP: 33/33 MP: 3/3
    22 | D        | Noticed an ogre
    29 | D        | Killed an ogre
    29 | D        | Reached skill level 5 in Armour
    29 | D        | Reached skill level 7 in Shields
    29 | D        | Reached XP level 4. HP: 18/41 MP: 4/4
    29 | D        | Reached XP level 5. HP: 21/47 MP: 5/5
   201 | D        | Noticed Sigmund
   217 | D        | Killed Sigmund
   217 | D        | Reached skill level 5 in Polearms
   217 | D        | Reached skill level 9 in Shields
   217 | D        | Reached XP level 6. HP: 57/57 MP: 6/6
   242 | D        | Found a deep blue altar of Sif Muna.
   244 | D        | Found a radiant altar of Vehumet.
   286 | D        | Noticed Sonja
   296 | D        | Noticed a deep troll
   302 | D        | HP: 1/57 [poisoned by Sonja]
   304 | D        | Slain by a deep troll

Skill      XL: |  1  2  3  4  5 |
---------------+----------------+-----
Fighting       | 5 6 8 |  8.9
Armour         | 4 5 6 |  6.3
Shields        | 5 7 9 |  9.7
Polearms       | 3 5 |  5.3
Dodging        | |  0.6

Action                   |  1- 3 |  4- 6 || total
-------------------------+-------+-------++-------
Melee: Trident           |    22 |    15 ||    37
       Scythe            |       |    10 ||    10
  Use: Potion            |       |     2 ||     2
Armor: Scale mail        |     5 |    18 ||    23
Dodge: Dodged            |     5 |    11 ||    16
Block: Shield            |     7 |    33 ||    40
